 Dungeon Crawl Stone Soup version 0.17-a0-1181-gabc46e6 (webtiles) character file.

96 wotan the Ruffian (level 4, 0/37 (38) HPs)
             Began as a Ghoul Monk on May 31, 2015.
             Killed from afar by Edmund (11 damage)
             ... with a wand of flame
             ... on level 6 of the Dungeon.
             The game lasted 00:07:51 (1656 turns).

wotan the Ruffian (Ghoul Monk)                      Turns: 1656, Time: 00:07:51

HP:   0/37 (38)     AC:  3    Str: 14    XL:     4   Next: 67%
MP:   3/3           EV:  7    Int:  5    God:
Gold: 81            SH:  0    Dex: 12    Spells: 0 memorised, 3 levels left

rFire  . . .     SeeInvis .       - Unarmed
rCold  + . .     Clarity  .     o - +0 leather armour
rNeg   + + +     SustAt   .     (no shield)
rPois  ∞         Gourm    .     (no helmet)
rElec  .         Spirit   .     (no cloak)
rCorr  .         Warding  .     (no gloves)
rMut   .         Stasis   .     (no boots)
MR     .....                    (no amulet)
Stlth  +++.......               (no ring)
                                q - ring of stealth

@: rotting, not resistant to hostile enchantments, fairly stealthy
A: rotting body, claws 1, carnivore 3, cold resistance 1, negative energy
resistance 3, slow healing 1, torment resistance, unbreathing
a: no special abilities


You were on level 6 of the Dungeon.
You were not hungry.

You visited 1 branch of the dungeon, and saw 4 of its levels.

You collected 81 gold pieces.

Inventory:

Missiles
 j - 38 stones (quivered)
Armour
 a - a +0 robe
 l - a +0 ring mail
 o - a +0 leather armour (worn)
Jewellery
 q - a ring of stealth (left claw)
Scrolls
 d - 2 scrolls of noise
 i - a scroll of remove curse
 s - 2 scrolls of recharging
Potions
 e - 2 potions of magic
 f - a potion of lignification {unknown}
 g - a potion of haste {unknown}
 k - 3 potions of curing
 m - 3 potions of poison
 n - a potion of flight {unknown}
Comestibles
 b - 2 meat rations
 t - a royal jelly
 u - a beef jerky


   Skills:
 - Level 3.2 Fighting
 - Level 2.8 Dodging
 - Level 2.2 Stealth
 + Level 6.4 Unarmed Combat


You had 3 spell levels left.
You didn't know any spells.

Dungeon Overview and Level Annotations

Branches:
Dungeon (6/15)
 Temple: D:4-7

Altars:
Dithmenos
Kikubaaqudgha

Annotations:
D:6 Edmund


Innate Abilities, Weirdness & Mutations

Your body is rotting away.
You thrive on raw meat.
You are immune to poison.
You have sharp fingernails.
You are carnivorous and can eat meat at any time.
Your flesh is cold resistant.
You are immune to negative energy.
You heal slowly when monsters are visible.
You are immune to unholy pain and torment.
You can survive without breathing.


Message History

Some of the chunks of flesh in your inventory have rotted away.
You aren't carrying any items that can be evoked.
All of the chunks of flesh in your inventory have rotted away.
Edmund shouts!
Edmund zaps a wand.
The puff of flame misses you.
It is a wand of flame.
Edmund zaps a wand.
The puff of flame hits you!
Edmund zaps a wand.
The puff of flame hits you!
Edmund zaps a wand.
The puff of flame hits you!
* * * LOW HITPOINT WARNING * * *
Found 7 gold pieces.
A giant frog comes into view.
Found a scroll labeled YROTZIOSURY.
Found a stone staircase leading up.
A bat comes into view.
Found 16 gold pieces.
The bat closely misses you.
There is a stone staircase leading up here.
The bat hits you but does no damage. The bat hits you.
* * * LOW HITPOINT WARNING * * *
Edmund zaps a wand.
The puff of flame hits you!
You die...

............
#.#...........
#..................#
##..................#
##....................
#..$.?.........?......
#.....................
#...@................
##..b.F.............#
##......$..........#
#..............>#.#
#.#.............#.#
#.##............#.# #.
##....@...#..#.# #.
##.......# #.#
##....#.# #.#


You could see Edmund, a giant frog and a bat.

Vanquished Creatures
  Jessica (D:2)
  3 adders
  2 giant geckos
  6 bats
  2 giant cockroaches (D:3)
  3 hobgoblins (D:2)
  2 jackals (D:2)
  6 kobolds
  A quokka (D:2)
  A ball python (D:3)
  2 giant newts (D:1)
  7 goblins
  11 rats
47 creatures vanquished.

Notes
Turn   | Place    | Note
--------------------------------------------------------------
     0 | D:1      | wotan the Ghoul Monk began the quest for the Orb.
     0 | D:1      | Reached XP level 1. HP: 19/19 MP: 0/0
   109 | D:1      | Reached XP level 2. HP: 26/26 MP: 1/1
   210 | D:1      | Reached skill level 5 in Unarmed Combat
   604 | D:2      | Reached XP level 3. HP: 26/31 MP: 2/2
   780 | D:2      | Noticed Jessica
   784 | D:2      | Killed Jessica
   784 | D:2      | Reached XP level 4. HP: 38/38 MP: 3/3
   854 | D:2      | Found a shadowy altar of Dithmenos.
   855 | D:2      | Reached skill level 6 in Unarmed Combat
   856 | D:2      | Found an ancient bone altar of Kikubaaqudgha.
  1451 | D:3      | You fall through a shaft for 3 floors!
  1461 | D:6      | Noticed an orc warrior
  1490 | D:6      | Noticed Edmund
  1646 | D:6      | Noticed a giant frog
  1656 | D:6      | Killed from afar by Edmund

Vault maps used:
D:1:      dpeg_arrival_water_temple_mockup, minivault_23, minmay_misc_feat_chi,
          st_stairs_4
D:2:      gammafunk_temple_overflow_pools, uniq_jessica
D:3:      first_bread
D:6:      zin_academy, hangedman_decor_riveting, uniq_edmund

Action                   |  1- 3 |  4- 6 || total
-------------------------+-------+-------++-------
Melee: Unarmed           |    62 |    47 ||   109
Throw: Stone             |       |     5 ||     5
  Use: Scroll            |       |     8 ||     8
 Stab: Sleeping          |     2 |     6 ||     8
  Eat: Chunk             |     3 |     1 ||     4
